 Dungeon Crawl Stone Soup version 0.28.0-45-g0d030f2227 (webtiles) character file.

Game seed: 2036014808463511044

41 seaoflcl the Vexing (level 3, -1/26 HPs)
             Began as a Human Arcane Marksman on Apr 11, 2022.
             Slain by an adder (4 damage)
             ... on level 2 of the Dungeon.
             The game lasted 00:02:33 (1016 turns).

seaoflcl the Vexing (Human Arcane Marksman)         Turns: 1016, Time: 00:02:34

Health: -1/26      AC:  2    Str: 10    XL:     3   Next: 75%
Magic:  4/4        EV: 12    Int: 13    God:
Gold:   27         SH:  0    Dex: 15    Spells: 3/4 levels left

rFire   . . .      SeeInvis .   b - +0 rapier
rCold   . . .      Faith    .   (no shield)
rNeg    . . .      Spirit   .   d - +0 robe
rPois   .          Reflect  .   (no helmet)
rElec   .          Harm     .   (no cloak)
rCorr   .          Rampage  .   (no gloves)
Will    .....                   (no boots)
Stlth   +.........              (no amulet)
HPRegen 0.08/turn               (no ring)
MPRegen 0.09/turn               (no ring)

@: lethally poisoned (-1 -> -7)
A: no striking features
a: no special abilities


You were on level 2 of the Dungeon.
You visited 1 branch of the dungeon, and saw 2 of its levels.

You collected 27 gold pieces.

Inventory:

Hand Weapons
 a - a +0 shortbow
 b - a +0 rapier (weapon)
Missiles
 c - 20 arrows
Armour
 d - a +0 robe (worn)
Scrolls
 e - 2 scrolls of teleportation {unknown}
 f - a scroll of noise {unknown}


   Skills:
 + Level 1.0 Fighting
 + Level 0.2 Short Blades
 + Level 3.0 Bows
 + Level 2.1 Dodging
 + Level 1.0 Spellcasting
 + Level 3.5 Hexes


You had 3 spell levels left.
You knew the following spells:

 Your Spells              Type           Power      Damage    Failure   Level
a - Slow                  Hex            36%        N/A       7%          1

Your spell library contained the following spells:

 Spells                   Type           Power      Damage    Failure   Level
 Inner Flame              Hex/Fire       5%         N/A       38%         3
 Portal Projectile        Hex/Tloc       10%        N/A       38%         3
 Cause Fear               Hex            4%         N/A       54%         4


Dungeon Overview and Level Annotations

Branches:
Dungeon (2/15)

Altars:

Shops:
D:2 *


Message History

You are poisoned.
The adder poisons you! The adder misses you. The adder bites you. x2
You are more poisoned.
The adder poisons you!
Char dumped successfully.
Really attack while wielding your +0 shortbow? [Y]es or [N]o only, please.
Really attack while wielding your +0 shortbow? [Y]es or [N]o only, please.
Really attack while wielding your +0 shortbow? [Y]es or [N]o only, please.
Really attack while wielding your +0 shortbow? [Y]es or [N]o only, please.
Really attack while wielding your +0 shortbow? [Y]es or [N]o only, please.
Really attack while wielding your +0 shortbow? [Y]es or [N]o only, please.
Really attack while wielding your +0 shortbow? [Y]es or [N]o only, please.
Really attack while wielding your +0 shortbow? [Y]es or [N]o only, please.
Really attack while wielding your +0 shortbow? [Y]es or [N]o only, please.
Really attack while wielding your +0 shortbow? [Y]es or [N]o only, please.
Really attack while wielding your +0 shortbow? [Y]es or [N]o only, please.
Really attack while wielding your +0 shortbow? [Y]es or [N]o only, please.
Really attack while wielding your +0 shortbow?
Okay, then.
b - a +0 rapier (weapon)
You feel sick. The adder barely misses you.
You hit the adder.
The adder is almost dead.
* * * LOW HITPOINT WARNING * * *
You feel sick. The adder bites you.
* * * LOW HITPOINT WARNING * * *
The adder bites you.
You die...

....#.#.#.#..(
.<.........(.
#..#.#.#.#(.# .
#....$$..(..#
..#..#.#.#(#..#
.......(.......
.......SS..####.
#..@# ....
#...##..###
#...<.....#
#∩..#####...
#...# .....#
..###### ##


You could see 2 adders.

Vanquished Creatures
  A gnoll (D:1)
  2 dart slugs (D:1)
  An endoplasm (D:1)
  2 giant cockroaches (D:1)
  2 goblins (D:1)
  2 hobgoblins
  5 kobolds
  A quokka (D:1)
  A ball python (D:1)
  6 bats (D:1)
  A frilled lizard (D:1)
  A rat (D:1)
25 creatures vanquished.

Notes
Turn   | Place    | Note
-------+----------+-------------------------------------------
     0 | D:1      | seaoflcl the Human Arcane Marksman began the quest for the
                  | Orb.
     0 | D:1      | Reached XP level 1. HP: 15/15 MP: 2/2
   136 | D:1      | Reached XP level 2. HP: 15/21 MP: 3/3
   329 | D:1      | Reached XP level 3. HP: 22/26 MP: 4/4
   994 | D:2      | Found Tuucidyz's General Store.
  1016 | D:2      | Slain by an adder

Illustrated notes

Levels and vault maps discovered:
D:1:      minmay_arrival_hallway, layout_rooms
D:2:      layout_rooms, serial_shops, shop, serial_glass, glass_columns_b,
          glass_columns_c, glass_columns_c, glass_columns_c, glass_columns_a,
          glass_columns_b, glass_columns_b, glass_columns_c, glass_columns_a,
          glass_columns_c, item_on_display_a, feat_on_display, feat_on_display,
          due_unseen_surprise

Skill      XL: |  1  2  3 |
---------------+----------+-----
Bows           | 3 |  3.0
Fighting       | |  1.0
Short Blades   | |  0.2
Dodging        | |  2.1
Spellcasting   | |  1.0
Hexes          | |  3.5

Action                   || total
-------------------------++-------
Melee: Rapier            ||    36
 Fire: Shortbow          ||    66
Armor: Robe              ||    19
Dodge: Dodged            ||    54
